 Dungeon Crawl Stone Soup version 0.24-a0-194-g9bee6eb (webtiles) character file.

Game seed: 7993077659489718931

11630 gruber the Markscentaur (level 11, -1/95 HPs)
             Began as a Centaur Hunter on Mar 18, 2019.
             Was a High Priest of Okawaru.
             Slain by a big kobold
             ... wielding a +0 short sword
              (4 damage)
             ... on level 10 of the Dungeon.
             The game lasted 00:23:24 (9979 turns).

gruber the Markscentaur (Centaur Hunter)            Turns: 9979, Time: 00:23:25

Health: -1/95      AC: -9    Str: 20      XL:     11   Next: 51%
Magic:  17/17      EV: 11    Int: 10      God:    Okawaru [*****.]
Gold:   471        SH:  0    Dex:  7 (13) Spells: 10/10 levels left

rFire    + . .     SeeInvis .   O - +3 hand axe (chop)
rCold    + . .     Gourm    .   (no shield)
rNeg     . . .     Faith    .   y - +1 robe {rC+ rF+}
rPois    .         Spirit   .   r - +0 helmet
rElec    .         Reflect  .   g - +0 cloak
rCorr    .         Harm     .   E - +1 pair of gloves
MR       .....                  (no barding)
Stlth    ++........             e - amulet of regeneration
HPRegen  0.65/turn              (no ring)
MPRegen  0.15/turn              (no ring)

@: mighty, heroism, corroded, studying Axes, very quick
A: large, hooves 3, deformed body, speed 2, tough skin 3
a: Heroism, Finesse, Renounce Religion


You were on level 10 of the Dungeon.
You worshipped Okawaru.
Okawaru was extremely pleased with you.
You were not hungry.

You visited 2 branches of the dungeon, and saw 11 of its levels.

You collected 471 gold pieces.

Inventory:

Hand Weapons
 a - a +1 shortbow
 O - a +3 hand axe of chopping (weapon)
Missiles
 b - 3 throwing nets (quivered)
 d - 56 arrows
 H - 3 curare-tipped needles
Armour
 g - a +0 cloak (worn)
 r - a +0 helmet (worn)
 y - a +1 robe of resistance (worn)
 E - a +1 pair of gloves (worn)
Jewellery
 e - an amulet of regeneration (around neck)
 M - the amulet "Kaocou Fosk" {Acrobat Int+5, unknown}
   (You found it on level 9 of the Dungeon)

   [amulet of the acrobat]

   It helps you evade while moving and waiting.
   It affects your intelligence (+5).
Wands
 k - a wand of enslavement (13)
 n - a wand of acid (3)
 B - a wand of random effects (13)
 C - a wand of iceblast (8)
 F - a wand of digging (8)
 K - a wand of flame (47)
Scrolls
 c - a scroll of immolation {unknown}
 i - 2 scrolls of amnesia {unknown}
 j - 7 scrolls of identify {unknown}
 m - 2 scrolls of fog
 p - a scroll of magic mapping {unknown}
 q - 6 scrolls of remove curse
 v - a scroll of enchant weapon {unknown}
 z - 2 scrolls of enchant armour {unknown}
 A - a scroll of blinking {unknown}
 D - 5 scrolls of teleportation {unknown}
 I - a scroll of noise {unknown}
Potions
 h - a potion of agility {unknown}
 l - a potion of flight {unknown}
 o - 2 potions of lignification {unknown}
 s - 3 potions of might
 t - 2 potions of haste {unknown}
 u - a potion of cancellation {unknown}
 w - 3 potions of heal wounds {unknown}
 x - 3 potions of degeneration {unknown}
 L - 2 potions of mutation {unknown}
 N - a potion of magic {unknown}
Books
 J - a manual of Axes
Comestibles
 f - 11 rations
 G - 4 chunks of flesh


   Skills:
 * Level 8.3(13.3) Fighting
 - Level 8.0(13.0) Axes
 - Level 17.0(22.0) Bows
 - Level 1.3(6.3) Dodging
 - Level 0.4(5.4) Stealth
 - Level 8.0 Invocations


You had 10 spell levels left.
You didn't know any spells.
Your spell library contained the following spells:

 Spells                   Type           Power        Failure   Level  Hunger
 Magic Dart               Conj           #...         36%         1    ##.....
 Blink                    Tloc           N/A          50%         2    ###....
 Call Imp                 Summ           #.......     50%         2    ###....
 Slow                     Hex            #.......     50%         2    ###....
 Conjure Flame            Conj/Fire      #.......     75%         3    ####...
 Mephitic Cloud           Conj/Pois/Air  #.......     75%         3    ####...
 Poison Arrow             Conj/Pois      #.........   100%        6    #######
 Chain Lightning          Conj/Air       #.........   100%        8    #######
 Lehudib's Crystal Spear  Conj/Erth      #.........   100%        8    #######
 Fire Storm               Conj/Fire      #.........   100%        9    #######
 Glaciate                 Conj/Ice       #.........   100%        9    #######


Dungeon Overview and Level Annotations

Branches:
Dungeon (10/15)            Temple (1/1) D:6            Lair (0/6) D:9
    Orc (0/2) D:9

Altars:
Ashenzari
Cheibriados
Dithmenos
Elyvilon
Fedhas
Gozag
Hepliaklqana
Kikubaaqudgha
Makhleb
Nemelex Xobeh
Okawaru
Qazlal
Ru
Sif Muna
Trog
Uskayaw
Wu Jian
Xom
Yredelemnul
The Shining One

Shops:
D:10 %

Annotations:
D:3 3 runed translucent doors, nono's ghost, amateur FoAK


Innate Abilities, Weirdness & Mutations

You have hooves in place of feet.
Armour fits poorly on your strangely shaped body.
You cover ground very quickly.
You have extremely tough skin. (AC +3)


Message History

The rust devil hits you!
* * * LOW HITPOINT WARNING * * *
The rust devil corrodes you!
The big kobold hits you with a +0 short sword!
* * * LOW HITPOINT WARNING * * *
The iron imp shouts, "Back with thee, thou erky guts-griping cross-patch!"
The iron imp closely misses you.
Unknown command.
Unknown command.
You feel very mighty all of a sudden. The quasit bites you.
* * * LOW HITPOINT WARNING * * *
The quasit claws you.
* * * LOW HITPOINT WARNING * * *
You feel clumsy. The quasit misses you.
The kobold demonologist hits you with a +0 dagger.
* * * LOW HITPOINT WARNING * * *
The big kobold hits you with a +0 short sword.
You die...

#.........# K#
#.........# K#
##........# K#
#.......... ##K#
#.......... #K.
#.......... ##K###
#..........
######5KK.#
#..........
#..43K@4K.#
#####......
#...5##5§.#
##.##..#... #...
##§.###......#...
#.. +..##>......#..#
#. +.....#........#
# #.....##.......#
#......##........
.........##.......#
.......#.##......÷)#


You could see a sun demon, a rust devil, a kobold demonologist, 4 big kobolds,
an iron imp, a quasit and an ufetubus.

Vanquished Creatures
  A hydra (D:8)
  Erica (D:8)
  2 two-headed ogres (D:9)
  Pikel (D:4)
  3 trolls
  2 hippogriffs (D:7)
  Sigmund (D:3)
  4 wraiths
  12 yaks
  A hungry ghost (D:7)
  Edmund (D:5)
  6 orc warriors
  3 phantoms
  4 sky beasts
  3 slaves (D:4)
  A black bear (D:5)
  2 ice beasts (D:9)
  3 ogres
  A centaur (D:10)
  3 wolves
  A crocodile (D:8)
  Blork the orc (D:4)
  A big kobold (D:7)
  4 bullfrogs
  A gnoll sergeant (D:10)
  3 scorpions
  5 wights
  2 electric eels
  3 howler monkeys
  A crimson imp (D:9)
  2 bullfrog zombies
  6 orc priests
  10 hounds
  2 jellies
  A quasit (D:10)
  11 orc wizards
  2 centaur skeletons
  A gnoll shaman (D:10)
  A bullfrog skeleton (D:7)
  An iguana (D:9)
  Terence (D:3)
  9 worker ants
  3 hound skeletons
  A worker ant zombie (D:10)
  Robin (D:3)
  15 gnolls
  A howler monkey skeleton (D:4)
  9 adders
  A shadow imp (D:10)
  An ooze (D:1)
  An adder skeleton (D:8)
  An adder zombie (D:5)
  A worm (D:4)
  8 leopard geckos
  32 orcs
  2 ball pythons
  10 giant cockroaches
  16 goblins
  8 hobgoblins
  16 jackals
  7 quokkas
  11 bats
  11 frilled lizards
  8 kobolds
  A leopard gecko skeleton (D:4)
  A quokka skeleton (D:9)
  6 rats
296 creatures vanquished.

Vanquished Creatures (others)
  A bat (D:1)
1 creature vanquished.

Grand Total: 297 creatures vanquished

Notes
Turn   | Place    | Note
-------+----------+-------------------------------------------
     0 | D:1      | gruber the Centaur Hunter began the quest for the Orb.
     0 | D:1      | Reached XP level 1. HP: 17/17 MP: 1/1
   318 | D:1      | Reached XP level 2. HP: 25/25 MP: 2/2
   519 | D:1      | Reached XP level 3. HP: 31/31 MP: 3/3
  1465 | D:2      | Reached XP level 4. HP: 32/41 MP: 4/4
  1785 | D:3      | Noticed Robin
  1866 | D:3      | Killed Robin
  1866 | D:3      | Reached skill level 5 in Fighting
  1916 | D:3      | Reached XP level 5. HP: 45/48 MP: 5/5
  1925 | D:3      | Found a sacrificial altar of Ru.
  2033 | D:3      | Noticed Terence
  2034 | D:3      | Noticed Sigmund
  2098 | D:3      | Killed Terence
  2106 | D:3      | Killed Sigmund
  2106 | D:3      | Reached XP level 6. HP: 59/60 MP: 6/6
  2171 | D:3      | Found a runed translucent gate.
  2172 | D:3      | Found a runed translucent gate.
  2173 | D:3      | Found a runed translucent gate.
  2174 | D:3      | Noticed nono's ghost (amateur FoAK)
  2494 | D:4      | Reached skill level 6 in Bows
  2626 | D:4      | Noticed Blork the orc
  2642 | D:4      | Killed Blork the orc
  2642 | D:4      | Reached XP level 7. HP: 41/66 MP: 7/7
  2674 | D:4      | Reached skill level 7 in Bows
  2861 | D:4      | Noticed Pikel
  2967 | D:4      | Reached skill level 8 in Bows
  3031 | D:4      | Killed Pikel
  3031 | D:4      | Reached skill level 10 in Bows
  3031 | D:4      | Reached XP level 8. HP: 73/73 MP: 8/8
  3595 | D:5      | Entered Level 5 of the Dungeon
  3700 | D:5      | Noticed Edmund
  3723 | D:5      | Killed Edmund
  3723 | D:5      | Reached skill level 11 in Bows
  3789 | D:5      | Found a shadowy altar of Dithmenos.
  3962 | D:5      | Noticed a +0 dagger
  3963 | D:5      | Noticed a +0 dagger
  3966 | D:5      | Found a hide-covered altar of Uskayaw.
  4380 | D:6      | Found a staircase to the Ecumenical Temple.
  4403 | D:6      | Reached skill level 12 in Bows
  4406 | Temple   | Entered the Ecumenical Temple
  4445 | Temple   | Became a worshipper of Warmaster Okawaru
  4770 | D:6      | You fall through a shaft!
  4775 | D:7      | Noticed a hippogriff
  4823 | D:7      | Killed a hippogriff
  4823 | D:7      | Reached * piety under Okawaru
  4823 | D:7      | Reached skill level 13 in Bows
  4832 | D:7      | Reached XP level 9. HP: 45/79 MP: 9/9
  5142 | D:7      | Reached skill level 14 in Bows
  5558 | D:8      | Noticed a five-headed hydra
  5680 | D:8      | Noticed Erica
  5690 | D:8      | Killed Erica
  5690 | D:8      | Reached ** piety under Okawaru
  5690 | D:8      | Reached skill level 15 in Bows
  5925 | D:7      | Reached skill level 16 in Bows
  5968 | D:7      | Reached XP level 10. HP: 86/86 MP: 10/10
  6294 | D:8      | Reached skill level 1 in Invocations
  6440 | D:8      | Killed a five-headed hydra
  6440 | D:8      | Reached *** piety under Okawaru
  6440 | D:8      | Reached skill level 17 in Bows
  6853 | D:9      | Got a clouded copper amulet
  6933 | D:9      | Noticed a two-headed ogre
  6980 | D:9      | Killed a two-headed ogre
  6980 | D:9      | Reached **** piety under Okawaru
  6980 | D:9      | Received a gift from Okawaru
  6980 | D:9      | Reached skill level 5 in Invocations
  7250 | D:9      | Received a gift from Okawaru
  7576 | D:9      | Found a staircase to the Lair.
  7612 | D:9      | Reached skill level 1 in Axes
  7630 | D:9      | Noticed a two-headed ogre
  7723 | D:9      | Reached XP level 11. HP: 92/92 MP: 17/17
  7751 | D:9      | Reached ***** piety under Okawaru
  8155 | D:9      | Killed a two-headed ogre
  8155 | D:9      | Reached skill level 5 in Axes
  8351 | D:9      | Received a gift from Okawaru
  8619 | D:9      | Found a staircase to the Orcish Mines.
  8724 | D:10     | Entered Level 10 of the Dungeon
  8747 | D:9      | HP: 2/92 [ice beast (6)]
  9419 | D:10     | Received a gift from Okawaru
  9880 | D:10     | Found Funyfera's Food Shop.
  9973 | D:10     | Noticed a sun demon
  9979 | D:10     | HP: 3/95 [kobold demonologist/+0 dagger (2)]
  9979 | D:10     | Slain by a big kobold

Levels and vault maps discovered:
D:1:      dpeg_arrival_tiny_i, layout_loops_ring, lemuel_old_faithful
D:2:      minmay_chambers_of_ones, layout_basic, first_ration
D:3:      layout_rooms, gammafunk_ghost_necromancy,
          nicolae_ru_great_annihilating_truth, uniq_terence, uniq_sigmund,
          uniq_robin
D:4:      layout_gridville, uniq_pikel, uniq_blork_the_orc
D:5:      layout_loops_ring, dancing_weapons_uskayaw,
          nicolae_dithmenos_the_darkroom, uniq_edmund
D:6:      layout_basic, minmay_temple_entry_statues_fountains, serial_shops,
          nicolae_shop_stone
D:7:      layout_rooms, corexii_corridor_pit
D:8:      minmay_spotlight, layout_cave_pools, minmay_manual_monstrance,
          uniq_erica
D:9:      layout_loops_ring, erik_lair_island, david_orc_4
D:10:     cheibrodos_helix_gallery, layout_cave_pools, serial_gnoll_camp,
          gnoll_camp_mini_hut, gnoll_camp_medium_02, gnoll_camp_mini_sergeant,
          gnoll_camp_mini_shop, special_room [special_room_kobold]
Temple:   nicolae_temple_the_god_donut

Skill      XL: |  1  2  3  4  5  6  7  8  9 10 11 |
---------------+----------------------------------+-----
Fighting       | 3 4 5 7 8 |  8.3
Bows           | 6 10 13 16 17 | 17.0
Invocations    | 8 |  8.0
Axes           | 2 8 |  8.0
Dodging        | |  1.3
Stealth        | |  0.4

Action                   |  1- 3 |  4- 6 |  7- 9 | 10-12 || total
-------------------------+-------+-------+-------+-------++-------
Melee: Short sword       |    90 |       |       |       ||    90
       Kick              |    31 |    26 |    62 |    36 ||   155
       Dagger            |    77 |   159 |   195 |       ||   431
       Flail             |       |       |     9 |   102 ||   111
       Hand axe          |       |       |       |    31 ||    31
 Fire: Shortbow          |     3 |    23 |   233 |   664 ||   923
Throw: Throwing net      |       |       |     1 |       ||     1
Invok: Heroism           |       |       |     1 |     4 ||     5
Evoke: Wand              |       |       |     3 |       ||     3
  Use: Scroll            |       |       |       |     2 ||     2
       Potion            |       |       |       |     2 ||     2
 Stab: Paralysed         |       |     1 |       |       ||     1
  Eat: Chunk             |       |     4 |     8 |    11 ||    23
Armor: Leather armour    |    76 |    67 |     8 |       ||   151
       Robe              |       |       |   102 |    95 ||   197
Dodge: Dodged            |    90 |    64 |   112 |   150 ||   416

Table legend:
 A = Non-vault XP
 B = Vault XP
 C = Vault XP percentage of total XP
 D = Non-vault monster count
 E = Vault monster count
 F = Vault count percentage of total count
                 A         B        C        D         E       F
            +---------+---------+-------+---------+---------+-------
      Total |   10570 |    6045 |  36.4 |     210 |      83 |  28.3
            +---------+---------+-------+---------+---------+-------
        D:1 |      55 |       0 |   0.0 |      30 |       0 |   0.0
        D:2 |      33 |      30 |  47.6 |      22 |      11 |  33.3
        D:3 |     129 |     327 |  71.7 |      23 |      13 |  36.1
        D:4 |     333 |     729 |  68.6 |      11 |       2 |  15.4
        D:5 |     372 |     164 |  30.6 |      16 |       1 |   5.9
        D:6 |     243 |       0 |   0.0 |       7 |       0 |   0.0
        D:7 |    1963 |     167 |   7.8 |      32 |       3 |   8.6
        D:8 |     383 |    2418 |  86.3 |      10 |      11 |  52.4
        D:9 |    5036 |    1504 |  23.0 |      37 |      24 |  39.3
       D:10 |    2023 |     706 |  25.9 |      22 |      18 |  45.0
            +---------+---------+-------+---------+---------+-------
